 Dungeon Sprint DCSS version 0.24-a0-130-ga3c21ff (webtiles) character file.

Game seed: 15748657771092723127

9298 Faca the Phalangite (level 11, -5/109 HPs)
             Began as a Merfolk Gladiator on Feb 27, 2019.
             Was a High Priest of Uskayaw.
             Slain by an orc knight
             ... wielding a +3 long sword
              (40 damage)
             ... in the Dungeon (Sprint IX: "|||||||||||||||||||||||||||||").
             The game lasted 00:06:56 (2455 turns).

Faca the Phalangite (Merfolk Gladiator)             Turns: 2455, Time: 00:06:56

Health: -5/109     AC: 11    Str: 19    XL:     11   Next: 44%
Magic:  18/18      EV: 19    Int:  7    God:    Uskayaw [*****.]
Gold:   1256       SH:  0    Dex: 21    Spells: 10/10 levels left

rFire    . . .     SeeInvis .   p - +5 halberd (protect)
rCold    . . .     Gourm    .   (shield currently unavailable)
rNeg     . . .     Faith    .   r - +1 scale mail
rPois    .         Spirit   .   c - +0 helmet
rElec    .         Reflect  .   A - +0 cloak
rCorr    .         Harm     .   z - +0 pair of gloves
MR       .....     NoTele   +   q - +0 pair of boots
Stlth    ..........             (no amulet)
HPRegen  0.28/turn              s - +3 ring of dexterity
MPRegen  0.16/turn              l - +3 ring of strength

@: no status effects
A: change form in water, swift swim, stealthy swim
a: Stomp, Line Pass, Grand Finale, Renounce Religion


You were in the Dungeon.
You worshipped Uskayaw.
Uskayaw was aware of your devotion.
You were not hungry.

You visited 1 branch You collected 1256 gold pieces.

Inventory:

Hand Weapons
 a - a +0 trident
 p - a +5 halberd of protection (weapon)
Missiles
 d - 3 throwing nets (quivered)
 t - 10 tomahawks
Armour
 c - a +0 helmet (worn)
 q - a +0 pair of boots (worn)
 r - a +1 scale mail (worn)
 z - a +0 pair of gloves (worn)
 A - a +0 cloak (worn)
Jewellery
 l - a +3 ring of strength (right hand)
 s - a +3 ring of dexterity (left hand)
Wands
 o - a wand of acid (10)
 B - a wand of clouds (4)
Scrolls
 k - 4 scrolls of blinking
 m - 3 scrolls of remove curse
 n - 2 scrolls of amnesia
 w - a scroll of identify
 x - a scroll of fog
 y - a scroll of fear
Potions
 b - a potion of might
 e - 5 potions of curing
 h - a potion of haste
 i - 4 potions of magic
 j - a potion of invisibility
 u - 2 potions of mutation
 v - 2 potions of agility
Comestibles
 f - 12 rations
 C - 3 chunks of flesh


   Skills:
 + Level 18.0 Fighting
 - Level 21.7 Polearms
 + Level 5.1 Throwing
 + Level 12.2 Dodging
 + Level 9.9 Invocations


You had 10 spell levels left.
You didn't know any spells.
Your spell library was empty.

Dungeon Overview and Level Annotations

Branches:
Dungeon (1/1)

Altars:
Cheibriados
Dithmenos
Elyvilon
Fedhas
Gozag
Hepliaklqana
Kikubaaqudgha
Makhleb
Nemelex Xobeh
Okawaru
Qazlal
Ru
Sif Muna
Trog
Uskayaw
Vehumet
Wu Jian
Xom
Yredelemnul
Zin
The Shining One
Beogh
Jiyva
Lugonu

Shops:
D }*[(


Message History

Attack whom?
Press: ? - help, Dir - move target cursor, f/p - orc knight
Aim: an orc knight, wielding a +3 long sword and wearing a +0 chain mail (unusually strong)
You reach to attack!
You puncture the orc knight!
The orc knight is lightly wounded.
You closely miss the orc knight.
The orc knight is lightly wounded.
The orc knight hits you with a +3 long sword!!
* * * LOW HITPOINT WARNING * * *
Uskayaw links your audience in an emotional bond!
There is an entrance to Faisyph's Gadget Emporium here.
Things that are here:
a +0 hand axe; a +0 leather armour; 50 gold pieces You see here 50 gold pieces.
Things that are here:
a +0 hand axe; a +0 leather armour; 100 gold pieces You feel much better.
The orc knight is no longer sharing its pain.
The orc knight hits you with a +3 long sword!!!
You die...

▓.▓.▓.▓.▓_▓
▓.▓.▓.▓.▓_▓
▓.▓.▓.▓.▓_▓
▓(▓.▓.▓.▓_▓
▓'▓.▓.▓.▓_▓
▓)▓.▓÷▓.▓'▓
▓)▓.▓†▓.▓.▓
▓)▓.▓.▓.▓.▓
▓@▓.▓.▓.▓|▓
▓o▓.▓.▓.▓)▓
▓∩▓.▓.▓.▓.▓
▓o▓.▓.▓.▓[▓
▓o▓.▓.▓.▓.▓
▓o▓.▓.▓.▓.▓
▓∩▓.▓[▓.▓(▓
▓.▓.▓.▓.▓)▓
▓∩▓.▓(▓.▓)▓


You could see 2 orc knights and 2 orcs.

Vanquished Creatures
  An ettin (D)
  A hydra (D)
  4 orc knights (D)
  A black mamba (D)
  Psyche (D)
  A spiny frog (D)
  A komodo dragon (D)
  A rime drake (D)
  A troll (D)
  5 polar bears (D)
  A blink frog (D)
  3 hippogriffs (D)
  2 wyverns (D)
  A yak (D)
  2 water moccasins (D)
  A porcupine (D)
  10 orc warriors (D)
  3 black bears (D)
  An ice beast (D)
  A centaur (D)
  2 crocodiles (D)
  2 bullfrogs (D)
  A scorpion (D)
  A crimson imp (D)
  3 orc priests (D)
  4 orc wizards (D)
  3 worker ants (D)
  A gnoll (D)
  An adder (D)
  An adder skeleton (D)
  16 orcs (D)
  A hobgoblin (D)
  A giant cockroach zombie (D)
  3 kobolds (D)
  A rat (D)
83 creatures vanquished.

Notes
Turn   | Place    | Note
-------+----------+-------------------------------------------
     0 | D        | Faca the Merfolk Gladiator began the quest for the Orb.
     0 | D        | Reached XP level 1. HP: 16/16 MP: 1/1
    10 | D        | Reached skill level 5 in Polearms
   150 | D        | Noticed a crimson imp
   150 | D        | Noticed a scorpion
   159 | D        | Reached skill level 6 in Polearms
   159 | D        | Reached XP level 2. HP: 17/26 MP: 2/2
   162 | D        | Killed a scorpion
   162 | D        | Reached skill level 9 in Polearms
   162 | D        | Reached XP level 3. HP: 22/35 MP: 3/3
   162 | D        | Reached XP level 4. HP: 26/41 MP: 4/4
   168 | D        | Reached skill level 10 in Polearms
   344 | D        | Found a roughly hewn altar of Beogh.
   344 | D        | Found a snail-covered altar of Cheibriados.
   344 | D        | Found a shadowy altar of Dithmenos.
   344 | D        | Found a white marble altar of Elyvilon.
   344 | D        | Found a blossoming altar of Fedhas.
   344 | D        | Found an opulent altar of Gozag.
   345 | D        | Found a hazy altar of Hepliaklqana.
   346 | D        | Found a viscous altar of Jiyva.
   347 | D        | Found an ancient bone altar of Kikubaaqudgha.
   348 | D        | Found a corrupted altar of Lugonu.
   349 | D        | Found a burning altar of Makhleb.
   350 | D        | Found a sparkling altar of Nemelex Xobeh.
   351 | D        | Found an iron altar of Okawaru.
   352 | D        | Found a stormy altar of Qazlal.
   353 | D        | Found a sacrificial altar of Ru.
   354 | D        | Found a deep blue altar of Sif Muna.
   355 | D        | Found a bloodstained altar of Trog.
   356 | D        | Found a hide-covered altar of Uskayaw.
   357 | D        | Found a radiant altar of Vehumet.
   358 | D        | Found an ornate altar of the Wu Jian Council.
   359 | D        | Found a shimmering altar of Xom.
   360 | D        | Found a basalt altar of Yredelemnul.
   361 | D        | Found a glowing silver altar of Zin.
   362 | D        | Found a glowing golden altar of the Shining One.
   364 | D        | Became a worshipper of Uskayaw the Reveler
   408 | D        | Noticed an orc warrior
   408 | D        | Noticed a centaur
   413 | D        | Reached * piety under Uskayaw
   416 | D        | Reached XP level 5. HP: 41/49 MP: 5/5
   419 | D        | Reached ** piety under Uskayaw
   433 | D        | Reached *** piety under Uskayaw
   438 | D        | Killed an orc warrior
   438 | D        | Reached skill level 12 in Polearms
   438 | D        | Reached XP level 6. HP: 39/59 MP: 6/6
   441 | D        | Reached **** piety under Uskayaw
   446 | D        | Reached skill level 10 in Fighting
   446 | D        | Reached skill level 13 in Polearms
   449 | D        | Reached ***** piety under Uskayaw
   560 | D        | Noticed an ice beast
   560 | D        | Noticed a troll
   560 | D        | Noticed an orc warrior
   560 | D        | Noticed a wyvern
   569 | D        | Killed an ice beast
   569 | D        | Reached skill level 14 in Polearms
   569 | D        | Reached XP level 7. HP: 68/68 MP: 7/7
   576 | D        | Reached skill level 15 in Polearms
   576 | D        | Killed a troll
   576 | D        | Reached skill level 16 in Polearms
   579 | D        | Killed a wyvern
   579 | D        | Reached XP level 8. HP: 36/79 MP: 8/8
   883 | D        | Noticed a six-headed hydra
   883 | D        | Noticed a wyvern
   883 | D        | Noticed a yak
   889 | D        | Killed a six-headed hydra
   889 | D        | Reached skill level 18 in Polearms
  1191 | D        | Reached XP level 9. HP: 88/88 MP: 9/9
  1197 | D        | Reached skill level 15 in Fighting
  1197 | D        | Noticed a spiny frog
  1201 | D        | Reached skill level 19 in Polearms
  1209 | D        | Reached ****** piety under Uskayaw
  1219 | D        | Killed a spiny frog
  1392 | D        | Noticed a komodo dragon
  1392 | D        | Noticed a rime drake
  1392 | D        | Noticed a black mamba
  1396 | D        | Reached skill level 20 in Polearms
  1396 | D        | Reached skill level 1 in Invocations
  1407 | D        | Killed a komodo dragon
  1407 | D        | Reached skill level 5 in Dodging
  1409 | D        | Killed a rime drake
  1409 | D        | Reached XP level 10. HP: 66/98 MP: 10/12
  1416 | D        | Killed a black mamba
  1422 | D        | Reached skill level 5 in Invocations
  1824 | D        | Reached skill level 21 in Polearms
  2005 | D        | Noticed Psyche
  2013 | D        | Killed Psyche
  2115 | D        | Reached skill level 10 in Dodging
  2120 | D        | Noticed an ettin
  2129 | D        | Killed an ettin
  2129 | D        | Reached XP level 11. HP: 96/107 MP: 15/17
  2176 | D        | Noticed an orc knight
  2190 | D        | Noticed an orc knight
  2191 | D        | Killed an orc knight
  2210 | D        | Killed an orc knight
  2408 | D        | Found Faisyph's Gadget Emporium.
  2408 | D        | Noticed an orc knight
  2423 | D        | Killed an orc knight
  2426 | D        | Found Curraitu's General Store.
  2432 | D        | Found Zewas's Antique Armour Emporium.
  2434 | D        | Noticed an orc knight
  2435 | D        | Found Pawn's Weapon Shoppe.
  2436 | D        | Noticed an orc knight
  2439 | D        | Noticed an orc knight
  2448 | D        | Killed an orc knight
  2448 | D        | Reached skill level 5 in Throwing
  2455 | D        | Slain by an orc knight

Levels and vault maps discovered:
D:        linesprint [early_d, line_temple, items_1, d_10, items_2, lair_1,
          lair_end, items_3, orc_1, orc_end, items_4, d_15, swamp_1, shoals_1,
          snake_1, spider_1, d_20, vaults_1, items_5, swamp_end, shoals_end,
          snake_end, spider_end, vaults_end, d_27, items_6, zot_1, zot_end,
          crypt_end, forest_end, elf_end, slime_end, tomb_end, abyss_end,
          pan_hell_end]

Skill      XL: |  1  2  3  4  5  6  7  8  9 10 11 |
---------------+----------------------------------+-----
Polearms       | 6 9 10 12 14 16 18 20 21 | 21.7
Fighting       | 4 6 7 9 11 13 14 16 17 18 | 18.0
Invocations    | 3 8 9 |  9.9
Dodging        | 6 10 12 | 12.2
Throwing       | 5 |  5.1

Action                   |  1- 3 |  4- 6 |  7- 9 | 10-12 || total
-------------------------+-------+-------+-------+-------++-------
Melee: Trident           |    25 |    50 |    15 |       ||    90
       Halberd           |       |       |    45 |   156 ||   201
  Use: Potion            |     1 |     2 |     1 |     1 ||     5
       Scroll            |       |       |     3 |       ||     3
 Stab: Paralysed         |       |     1 |     7 |    14 ||    22
  Eat: Chunk             |       |       |     2 |     3 ||     5
Armor: Leather armour    |     2 |       |       |       ||     2
       Scale mail        |       |     7 |    10 |    10 ||    27
Dodge: Dodged            |     6 |    20 |    19 |    55 ||   100

Table legend:
 A = Non-vault XP
 B = Vault XP
 C = Vault XP percentage of total XP
 D = Non-vault monster count
 E = Vault monster count
 F = Vault count percentage of total count
                 A         B        C        D         E       F
            +---------+---------+-------+---------+---------+-------
      Total |       0 |   13283 | 100.0 |       0 |      83 | 100.0
            +---------+---------+-------+---------+---------+-------
          D |       0 |   13283 | 100.0 |       0 |      83 | 100.0
            +---------+---------+-------+---------+---------+-------
